 Dungeon Crawl Stone Soup version 0.27-a0-417-g317cea8a3c (webtiles) character file.

Game seed: 17225503559147166719

2303 kniiight the Thaumaturge (level 9, -4/42 HPs)
             Began as a Spriggan Conjurer on Feb 25, 2021.
             Slain by a sixfirhy (12 damage)
             ... summoned by an orc high priest
             ... in a bailey.
             The game lasted 00:16:40 (7183 turns).

kniiight the Thaumaturge (Spriggan Conjurer)        Turns: 7183, Time: 00:16:41

Health: -4/42      AC:  2    Str:  4    XL:     9   Next: 18%
Magic:  9/22       EV: 20    Int: 21    God:
Gold:   445        SH:  0    Dex: 14    Spells: 21/24 levels left

rFire    . . .     SeeInvis +   r - +3 flail (protect)
rCold    . . .     Faith    .   (shield restricted)
rNeg     . . .     Spirit   .   a - +0 robe
rPois    .         Reflect  .   (helmet restricted)
rElec    .         Harm     .   (no cloak)
rCorr    +         Rampage  .   (gloves unavailable)
Will     +....                  (boots unavailable)
Stlth    +++.......             p - amulet of regeneration
HPRegen  1.14/turn              t - ring of resist corrosion
MPRegen  0.18/turn              (no ring)

@: very slightly contaminated, invisible (expiring), very quick
A: very small, unfitting armour, see invisible, speed 3
a: no special abilities


You were in a bailey.
You visited 2 branches of the dungeon, and saw 8 of its levels.
You also visited: Bailey.

You collected 445 gold pieces.

Inventory:

Hand Weapons
 r - a +3 flail of protection (weapon)
 u - a +0 shortbow of flaming
Missiles
 e - 87 arrows
 h - 30 poisoned darts
Armour
 a - a +0 robe (worn)
Jewellery
 p - an amulet of regeneration (around neck)
 s - an amulet of the acrobat
 t - a ring of resist corrosion (left hand)
Wands
 b - a wand of charming (2)
 k - a wand of paralysis (8)
 v - a wand of iceblast (13)
Scrolls
 c - 11 scrolls of teleportation
 f - 4 scrolls of enchant armour
 i - 4 scrolls of fear
 j - a scroll of fog
 l - 3 scrolls of blinking
Potions
 g - 2 potions of lignification
 n - 3 potions of berserk rage
 o - 2 potions of cancellation
 q - 2 potions of attraction
 w - 2 potions of curing


   Skills:
 - Level 1.7 Fighting
 - Level 1.0 Maces & Flails
 - Level 2.2 Bows
 + Level 5.6 Dodging
 - Level 4.4 Stealth
 + Level 8.3 Spellcasting
 + Level 6.3 Conjurations
 - Level 5.6 Evocations


You had 21 spell levels left.
You knew the following spells:

 Your Spells              Type           Power        Failure   Level
a - Magic Dart            Conj           100%         1%          1
b - Searing Ray           Conj           70%          1%          2

Your spell library contained the following spells:

 Spells                   Type           Power        Failure   Level
 Dazzling Flash           Conj/Hex       44%          6%          3
 Fulminant Prism          Conj/Hex       11%          21%         4
 Iskenderun's Mystic Bla  Conj/Tloc      22%          21%         4


Dungeon Overview and Level Annotations

Branches:
Dungeon (7/15)             Temple (1/1) D:7          Bailey (1/1)

Altars:
Ashenzari
Cheibriados
Dithmenos
Elyvilon
Gozag
Hepliaklqana
Kikubaaqudgha
Makhleb
Nemelex Xobeh
Qazlal
Ru
Sif Muna
Trog
Uskayaw
Wu Jian
Xom
Yredelemnul
Zin
The Shining One

Annotations:
D:7 Menkaure


Innate Abilities, Weirdness & Mutations

You are very small and have problems with some larger weapons.
You are too small for most types of armour.
You have supernaturally acute eyesight. (SInv)
You cover ground extremely quickly.


Message History

Aim: an orc high priest, wielding a +0 broad axe and wearing a +0 ring mail (heavily wounded, 22% to evade)
The searing ray hits the sixfirhy!
The sixfirhy is moderately wounded.
The searing ray misses the orc high priest.
The searing ray hits the red devil.
The red devil is moderately wounded. (Press . to maintain the ray.)
The sixfirhy closely misses you. x2; The sixfirhy barely misses you. x2
The searing ray misses the sixfirhy.
The searing ray hits the orc high priest!
The orc high priest is heavily wounded.
The searing ray hits the red devil.
The red devil is heavily wounded.
The searing ray hits the sixfirhy.
The sixfirhy is lightly wounded.
The searing ray hits the orc high priest!
The orc high priest is severely wounded.
The sixfirhy barely misses you. The sixfirhy hits you. The sixfirhy shocks you!
The sixfirhy hits you. The sixfirhy shocks you!
The sixfirhy completely misses you.
The orc high priest intones a terrible prayer.
The orc high priest utters an invocation to Beogh.
The orc high priest is healed somewhat.
The sixfirhy barely misses you. The sixfirhy completely misses you.
Casting: Searing Ray (safe; 1% risk of failure)
Confirm with . or Enter, or press ? or * to list all spells.
Aiming: Searing Ray (safe; 1% risk of failure)
Press: ? - help, Shift-Dir - straight line, f/p - orc high priest
Aim: an orc high priest, wielding a +0 broad axe and wearing a +0 ring mail (heavily wounded, 22% to evade)
The searing ray hits the orc high priest.
The orc high priest is heavily wounded. (Press . to maintain the ray.)
The searing ray hits the orc high priest.
The orc high priest is severely wounded.
You flicker for a moment.
The searing ray misses the orc high priest.
The searing ray misses the hobgoblin.
The sixfirhy hits you!
* * * LOW HITPOINT WARNING * * *
The sixfirhy shocks you!
You die...

#.....#.....#
#..⌠..#..####
+.....'..# +..)4.3..#
#####')'#####
#.....g.....#
######≈≈≈≈.o.≈≈≈≈######
≈≈≈≈≈≈≈≈≈≈.3.≈≈≈≈≈≈≈≈≈≈
≈≈≈≈≈≈≈≈≈≈.@.≈≈≈≈≈≈≈≈≈≈
≈≈≈≈≈≈≈≈≈≈...≈≈≈≈≈≈≈≈≈≈
≈≈≈≈≈≈≈≈≈≈...≈≈≈≈≈≈≈≈≈≈
≈≈≈≈≈≈≈.........≈≈≈≈≈≈≈
########.......########
#.......# #.......#
#...∩...# #.......#


You could see an orc high priest, a sixfirhy (summoned), a red devil (summoned,
wandering) and a hobgoblin (wandering).

Vanquished Creatures
  Pikel (D:4)
  A hornet (D:7)
  An orc warrior (D:7)
  An ice beast (D:6)
  2 ogres
  A necrophage (D:6)
  2 centaurs
  2 lemures (D:4)
  A phantom (D:5)
  A kobold brigand (D:6)
  A bullfrog (D:7)
  4 scorpions
  4 wights (D:6)
  A howler monkey (D:4)
  A bullfrog zombie (D:7)
  A hound (D:4)
  An orc priest (D:7)
  A jelly (D:6)
  3 orc wizards (D:4)
  3 worker ants
  A gnoll (D:1)
  8 adders
  A shadow imp (D:5)
  An ufetubus (D:6)
  3 oozes
  An adder skeleton (D:4)
  2 worms
  A dart slug (D:2)
  5 leopard geckos
  13 orcs
  5 bats
  A giant cockroach (D:6)
  9 goblins
  7 hobgoblins
  3 jackals (D:3)
  6 kobolds
  2 quokkas
  A ball python (D:3)
  5 frilled lizards
  A quokka zombie (D:5)
  4 rats
  A rat zombie (D:5)
114 creatures vanquished.

Notes
Turn   | Place    | Note
-------+----------+-------------------------------------------
     0 | D:1      | kniiight the Spriggan Conjurer began the quest for the Orb.
     0 | D:1      | Reached XP level 1. HP: 9/9 MP: 5/5
     2 | D:1      | Noticed a felid
     4 | D:1      | Noticed a demonspawn
     4 | D:1      | Noticed a troll
     6 | D:1      | Noticed a formicid
     6 | D:1      | Noticed a vine stalker
     8 | D:1      | Noticed a ghoul
     8 | D:1      | Noticed an elf
    10 | D:1      | Noticed a merfolk
    10 | D:1      | Noticed a demigod
    12 | D:1      | Noticed a naga
    14 | D:1      | Noticed a draconian
    14 | D:1      | Noticed a vampire
    16 | D:1      | Noticed an ogre
    18 | D:1      | Noticed a centaur
    18 | D:1      | Noticed a spriggan
    20 | D:1      | Noticed a halfling
    20 | D:1      | Noticed a human
    22 | D:1      | Noticed a gargoyle
    24 | D:1      | Noticed a minotaur
    24 | D:1      | Noticed an octopode
    26 | D:1      | Noticed a dwarf
    26 | D:1      | Noticed a tengu
   558 | D:1      | Reached XP level 2. HP: 13/13 MP: 0/6
   561 | D:1      | Learned a level 2 spell: Searing Ray
   659 | D:1      | Reached skill level 3 in Spellcasting
  1185 | D:2      | Reached XP level 3. HP: 16/16 MP: 3/8
  1543 | D:2      | Reached XP level 4. HP: 21/21 MP: 5/10
  1770 | D:2      | Found an ornate altar of the Wu Jian Council.
  2022 | D:2      | Found a basalt altar of Yredelemnul.
  2364 | D:3      | Reached skill level 4 in Spellcasting
  2364 | D:3      | Reached skill level 1 in Evocations
  2364 | D:3      | Reached XP level 5. HP: 24/24 MP: 4/12
  2535 | D:3      | Found an opulent altar of Gozag.
  3451 | D:4      | Reached XP level 6. HP: 28/28 MP: 9/13
  3745 | D:4      | Noticed Pikel
  3777 | D:5      | Entered Level 5 of the Dungeon
  3782 | D:5      | Reached skill level 5 in Spellcasting
  3903 | D:4      | Killed Pikel
  3904 | D:4      | Reached skill level 6 in Spellcasting
  3904 | D:4      | Reached skill level 5 in Conjurations
  3904 | D:4      | Reached XP level 7. HP: 32/32 MP: 1/17
  4102 | D:4      | Found a sparkling altar of Nemelex Xobeh.
  4110 | D:4      | Found an opulent altar of Gozag.
  4530 | D:5      | Found a bloodstained altar of Trog.
  4631 | D:5      | Reached skill level 1 in Fighting
  4631 | D:5      | Reached XP level 8. HP: 37/37 MP: 12/18
  5109 | D:6      | Reached skill level 1 in Bows
  5289 | D:6      | Reached skill level 7 in Spellcasting
  5409 | D:6      | Reached skill level 5 in Evocations
  5849 | D:6      | Reached skill level 1 in Maces & Flails
  6635 | D:7      | Found a staircase to the Ecumenical Temple.
  6641 | Temple   | Entered the Ecumenical Temple
  6774 | D:7      | Reached skill level 5 in Dodging
  6774 | D:7      | Reached skill level 8 in Spellcasting
  6774 | D:7      | Reached XP level 9. HP: 42/42 MP: 8/22
  7035 | D:7      | Noticed Menkaure
  7036 | D:7      | Found a shimmering blue altar of Sif Muna.
  7054 | D:7      | Found a flagged portal.
  7063 | Bailey   | Entered a bailey
  7148 | Bailey   | Found an iron altar of Okawaru.
  7148 | Bailey   | Noticed an orc high priest
  7148 | Bailey   | Noticed an orc high priest
  7158 | Bailey   | Noticed a hellwing
  7158 | Bailey   | Noticed a sixfirhy
  7159 | Bailey   | Noticed a sixfirhy
  7160 | Bailey   | Noticed a red devil
  7183 | Bailey   | Slain by a sixfirhy

Illustrated notes

Levels and vault maps discovered:
D:1:      kb_arrival_jail, layout_loops_ring
D:2:      layout_basic, general_overflow_altar, pdpol_wu_jian_five_deadly_venoms
D:3:      layout_rooms, grunt_gozag_statues
D:4:      layout_cave_pools, grunt_temple_overflow_opulence, minmay_hedge_maze,
          minmay_distorted, uniq_pikel
D:5:      layout_basic, kennysheep_mini, enter_ossuary_4
D:6:      layout_basic
D:7:      layout_gridville, gammafunk_temple_overflow_wave,
          kennysheep_mini_moat, minmay_temple_entry_sparse_star, enter_bailey_6,
          uniq_menkaure
Temple:   cyrus_circular_temple
Bailey:   bailey_axe_of_yendor_kennysheep, bailey

Skill      XL: |  1  2  3  4  5  6  7  8 |
---------------+-------------------------+-----
Conjurations   | 3 4 5 6 |  6.3
Spellcasting   | 3 4 6 8 |  8.3
Evocations     | 1 2 3 4 5 |  5.6
Stealth        | 4 |  4.4
Dodging        | 3 5 |  5.6
Fighting       | 1 |  1.7
Bows           | 2 |  2.2
Maces & Flails | 1 |  1.0

Action                   |  1- 3 |  4- 6 |  7- 9 || total
-------------------------+-------+-------+-------++-------
Melee: Flail             |       |     6 |       ||     6
 Fire: Shortbow          |       |       |    10 ||    10
 Cast: Magic Dart        |    65 |    82 |    51 ||   198
       Searing Ray       |       |    19 |    46 ||    65
  Use: Scroll            |       |       |    13 ||    13
       Potion            |       |       |     3 ||     3
Armor: Robe              |       |     2 |     5 ||     7
Dodge: Dodged            |     2 |    19 |    44 ||    65

Table legend: (Time is in decaauts)
 A = Elapsed time spent in this place.
 B = Non-inter-level travel time spent in this place.
 C = Inter-level travel time spent in this place.
 D = Time resting spent in this place.
 E = Time spent auto-exploring this place.
 F = Levels seen in this place.
 G = Mean time per level.
                   A        B        C        D        E       F      G
               +--------+--------+--------+--------+--------+-----+--------+
         Total |   5705 |   5599 |    106 |    393 |   4472 |   9 |  633.9 |
       Dungeon |   5562 |   5463 |     99 |    393 |   4389 |   7 |  794.6 |
        Temple |     45 |     38 |      7 |      0 |     26 |   1 |   45.0 |
        Bailey |     97 |     97 |      0 |      0 |     55 |   1 |   97.0 |
               +--------+--------+--------+--------+--------+-----+--------+

Top non-repeatable levels by time:
     D:6: 1028 daAuts
     D:2: 1016 daAuts
     D:4: 951 daAuts
     D:5: 769 daAuts
     D:1: 704 daAuts
     D:3: 586 daAuts
     D:7: 506 daAuts
  Bailey: 97 daAuts
  Temple: 45 daAuts
